 Dungeon Sprint DCSS version 0.21.1-1-g345015f (webtiles) character file.

19058 Lilu the Bludgeoner (level 12, -7/235 HPs)
             Began as an Ogre Berserker on July 27, 2018.
             Was the Champion of Trog.
             Mangled by a fire giant
             ... wielding a +1 great sword of flaming
              (30 damage)
             ... in the Dungeon (Sprint I: "Red Sonja").
             The game lasted 00:35:23 (3036 turns).

Lilu the Bludgeoner (Ogre Berserker)                Turns: 3036, Time: 00:35:23

Health: -7/235     AC:  6    Str: 28    XL:     12   Next: 65%
Magic:  13/13      EV: 13    Int:  6    God:    Trog [******]
Gold:   973        SH:  0    Dex:  7    Spells: 11/11 levels left

rFire    . . .     SeeInvis +   C - +8 giant club of Ylixkeca {crush, rC++ Str-2 SInv Stlth+}
rCold    + + .     Gourm    .   (shield currently unavailable)
rNeg     + + .     Faith    .   q - +0 troll leather armour
rPois    .         Spirit   .   k - +1 hat
rElec    .         Reflect  .   (no cloak)
rCorr    .         Harm     .   (gloves unavailable)
MR       +....     NoTele   +   (boots unavailable)
Stlth    ..........             (no amulet)
HPRegen  0.89/turn              m - ring of positive energy
MPRegen  0.13/turn              v - ring of positive energy

@: berserking (expiring), very quick
A: large, unfitting armour, clumsy 1, deterioration 1, dopey 1, low mp 1,
screaming 1, tough skin 1, weak 1, MP-powered wands
a: Berserk, Trog's Hand, Brothers in Arms, Burn Spellbooks, Renounce Religion


You were in the Dungeon.
You worshipped Trog.
Trog was exalted by your worship.
You were not hungry.

You visited 1 branch You collected 1917 gold pieces.
You spent 944 gold pieces at shops.

Inventory:

Hand Weapons
 c - a +2 longbow of flaming
 e - a +2 antimagic great mace
 i - a +0 blowgun
 o - the +9 giant club of Cruel Justice {crush, Int+3}
   (Trog gifted it to you in the Dungeon)

   It inflicts extra damage upon your enemies.
   It affects your intelligence (+3).
 t - a +3 dire flail of protection
 y - a +6 great mace of protection
 A - a +7 antimagic giant spiked club
 C - the +8 giant club of Ylixkeca (weapon) {crush, rC++ Str-2 SInv Stlth+}
   (Trog gifted it to you in the Dungeon)

   It inflicts extra damage upon your enemies.
   It affects your strength (-2).
   It greatly protects you from cold.
   It lets you see invisible.
   It makes you more stealthy.
Missiles
 n - 66 arrows
 r - 7 curare-tipped needles
 s - 12 poisoned needles
Armour
 b - a +0 shield
 k - a +1 hat (worn)
 q - a +0 troll leather armour (worn)
Jewellery
 m - a ring of positive energy (left hand)
 v - a ring of positive energy (right hand)
Wands
 j - a wand of random effects (31)
Scrolls
 a - a scroll of blinking
 u - a scroll of remove curse {unknown}
 w - a scroll of enchant weapon {unknown}
Potions
 d - 3 potions of curing
 f - a potion of haste
 g - 3 potions of magic
 h - a potion of berserk rage
 l - a potion of lignification {unknown}
 p - 2 potions of flight {unknown}
 z - a potion of heal wounds
 B - a potion of cancellation {unknown}


   Skills:
 - Level 20.1 Fighting
 + Level 20.7 Maces & Flails
 - Level 0.7 Armour
 + Level 10.9 Dodging
 - Level 3.1 Stealth
 - Level 3.8 Evocations


You had 11 spell levels left.
You didn't know any spells.

Dungeon Overview and Level Annotations

Branches:
Dungeon (1/1)

Altars:
Cheibriados
Dithmenos
Elyvilon
Fedhas
Gozag
Hepliaklqana
Kikubaaqudgha
Makhleb
Nemelex Xobeh
Okawaru
Qazlal
Ru
Sif Muna
Trog
Uskayaw
Vehumet
Wu Jian
Xom
Yredelemnul
Zin
The Shining One
Jiyva
Lugonu

Shops:
D [?**:(!=![[*!(*[=}[[[

Annotations:
D exclusion: oklob plant


Innate Abilities, Weirdness & Mutations

You are too large for most types of armour.
You have tough skin. (AC +1)
You are clumsy. (Dex -2)
Your body sometimes deteriorates upon taking damage.
You are dopey. (Int -2)
Your magical capacity is low. (-10% MP)
You occasionally shout uncontrollably at your foes.
You are weak. (Str -2)
You expend magic power (3 MP) to strengthen your wands.


Message History

a great sword of flaming; a fire giant corpse You bludgeon the fire giant!!
The fire giant is moderately wounded.
The fire giant closely misses you.
You sock the fire giant!
The fire giant is heavily wounded.
You bludgeon the fire giant!!
The fire giant is severely wounded.
You beat the fire giant like a drum!!!
You kill the fire giant!
Trog accepts your kill.
Trog appreciates your killing of a magic user.
The fire giant gestures at you while chanting.
The bolt of fire hits the fire giant.
The fire giant resists.
The bolt of fire hits you!
* * * LOW HITPOINT WARNING * * *
You crush the fire giant like a grape!!!
The fire giant is almost dead.
The fire giant hits you with a great sword of flaming!!
You die...

'###.###§#.§##
#..#+###.†≈#§.
...'.∩##.#..#
##...#P≈..##.. ########§#
###.#M≈.)#.§. ......##.#
#.###..#..§ .......§§#
#.# '..##.. ..######§#
####'# ##'# ......§#§#
###....# ≈≈≈
......#§§#$/[#####...####
.....§####$...CC@).###
....≈≈# /?....#####
..≈≈≈## $.... ≈≈≈### ....
###+### $$$ ####∩∩# ##
∩∩∩∩∩## ≈ ######


You could see 2 fire giants.

Vanquished Creatures
  2 fire giants (D)
  2 centaur warriors (D)
  Sonja (D)
  7 unseen horrors (D)
  A deep troll (D)
  A lindwurm (D)
  An oklob plant (D)
  8 shining eyes (D)
  A merfolk siren (D)
  A gargoyle (D)
  4 demonic crawlers (D)
  A kobold demonologist (D)
  A hellwing (D)
  A hornet (D)
  A slime creature (D)
  Sigmund (D)
  2 redbacks (D)
  A yak (D)
  13 hogs (D)
  6 floating eyes (D)
  An ogre (D)
  7 necrophages (D)
  8 jellies (D)
  Ijyb (D)
  2 ballistomycetes (D)
75 creatures vanquished.

Vanquished Creatures (collateral kills)
  A deep elf annihilator (D)
  A kobold demonologist (D)
  A hornet (D)
3 creatures vanquished.

Vanquished Creatures (others)
  A hydra (D)
  A merfolk siren (D)
  A gargoyle (D)
  3 hornets (D)
  A floating eye (D)
  2 ballistomycete spores (D)
9 creatures vanquished.

Grand Total: 87 creatures vanquished

Notes
Turn   | Place    | Note
-------+----------+-------------------------------------------
     0 | D        | Lilu the Ogre Berserker began the quest for the Orb.
     0 | D        | Reached XP level 1. HP: 24/24 MP: 1/1
     1 | D        | Noticed Ijyb
    20 | D        | Killed Ijyb
    20 | D        | Reached XP level 2. HP: 12/42 MP: 2/2
   235 | D        | Noticed an ogre
   245 | D        | Killed an ogre
   245 | D        | Reached XP level 3. HP: 6/58 MP: 3/3
   245 | D        | Reached XP level 4. HP: 7/67 MP: 4/4
   407 | D        | Killed a hornet
   434 | D        | Killed a hornet
   530 | D        | Noticed Sigmund
   537 | D        | Killed Sigmund
   537 | D        | Reached ** piety under Trog
   537 | D        | Reached skill level 1 in Stealth
   537 | D        | Reached XP level 5. HP: 75/75 MP: 5/5
   537 | D        | Reached XP level 6. HP: 84/84 MP: 6/6
   594 | D        | Found a deep blue altar of Sif Muna.
   595 | D        | Found an ornate altar of the Wu Jian Council.
   596 | D        | Found a radiant altar of Vehumet.
   633 | D        | Found Adwochent's General Store.
   633 | D        | Found an ancient bone altar of Kikubaaqudgha.
   633 | D        | Found a hazy altar of Hepliaklqana.
   633 | D        | Found a stormy altar of Qazlal.
   633 | D        | Found a hide-covered altar of Uskayaw.
   633 | D        | Found a blossoming altar of Fedhas.
   633 | D        | Found a bloodstained altar of Trog.
   633 | D        | Found an iron altar of Okawaru.
   633 | D        | Found a basalt altar of Yredelemnul.
   633 | D        | Found a glowing golden altar of the Shining One.
   633 | D        | Found a snail-covered altar of Cheibriados.
   633 | D        | Found a sacrificial altar of Ru.
   633 | D        | Found a glowing silver altar of Zin.
   633 | D        | Found a shadowy altar of Dithmenos.
   633 | D        | Found a white marble altar of Elyvilon.
   633 | D        | Noticed a yak
   636 | D        | Killed a yak
   636 | D        | Reached skill level 10 in Maces & Flails
   636 | D        | Reached XP level 7. HP: 92/92 MP: 7/7
   637 | D        | Found an opulent altar of Gozag.
   638 | D        | Found a sparkling altar of Nemelex Xobeh.
   686 | D        | Noticed a centaur warrior
   686 | D        | Noticed a centaur warrior
   697 | D        | Killed a centaur warrior
   697 | D        | Reached *** piety under Trog
   697 | D        | Reached XP level 8. HP: 59/101 MP: 8/8
   702 | D        | Killed a centaur warrior
   702 | D        | Reached XP level 9. HP: 62/110 MP: 9/9
   744 | D        | Noticed a deep troll
   751 | D        | HP: 6/165 [deep troll (14)]
   753 | D        | Killed a deep troll
   753 | D        | Reached skill level 15 in Maces & Flails
   909 | D        | Noticed a hornet
   912 | D        | Paralysed by a hornet for 2 turns
   917 | D        | Killed a hornet
   917 | D        | Reached skill level 5 in Dodging
   929 | D        | Noticed an oklob plant
   935 | D        | Killed an oklob plant
   935 | D        | Reached **** piety under Trog
  1156 | D        | Reached skill level 1 in Evocations
  1183 | D        | Found a burning altar of Makhleb.
  1183 | D        | Found a viscous altar of Jiyva.
  1183 | D        | Found a shimmering altar of Xom.
  1183 | D        | Found a corrupted altar of Lugonu.
  1186 | D        | Reached XP level 10. HP: 106/122 MP: 9/11
  1214 | D        | Noticed a kobold demonologist
  1215 | D        | Noticed a soul eater
  1216 | D        | Noticed a kobold demonologist
  1222 | D        | Reached ***** piety under Trog
  1233 | D        | Killed a kobold demonologist
  1234 | D        | Killed a kobold demonologist
  1243 | D        | Received a gift from Trog
  1247 | D        | Killed a merfolk siren
  1417 | D        | Bought a ration for 65 gold pieces
  1426 | D        | Noticed Sonja
  1431 | D        | Killed Sonja
  1455 | D        | Found Qinnomom's Armour Boutique.
  1559 | D        | Found Natinum's Armour Emporium.
  1630 | D        | Killed an unseen horror
  1688 | D        | Received a gift from Trog
  1711 | D        | Killed an unseen horror
  1711 | D        | Reached skill level 15 in Fighting
  1723 | D        | Reached XP level 11. HP: 75/135 MP: 13/13
  1753 | D        | Received a gift from Trog
  1821 | D        | Found Wolurryus's Jewellery Shoppe.
  1821 | D        | Found Ethrirhudgh's Distillery.
  1821 | D        | Found Zappev's Distillery.
  1823 | D        | Found Jemu's Antique Armour Emporium.
  1823 | D        | Found Emimoc's Armour Shop.
  1823 | D        | Found Sytiw's Assorted Antiques.
  1823 | D        | Found Ydwo Taf's Distillery.
  1823 | D        | Found Zeareiku's Weapon Emporium.
  1823 | D        | Found Quzehaar's General Store.
  1823 | D        | Found Ofreozxe's Armour Shoppe.
  1826 | D        | Found Juysiodd's Jewellery Boutique.
  1827 | D        | Found Eqybre's Antique Armour Emporium.
  1827 | D        | Found Ynuiwa's Gadget Boutique.
  1828 | D        | Found Kunol's Antique Armour Emporium.
  1832 | D        | Bought a ration for 65 gold pieces
  1832 | D        | Bought a ration for 65 gold pieces
  1846 | D        | Bought a potion of heal wounds for 50 gold pieces
  1846 | D        | Bought a potion of heal wounds for 50 gold pieces
  1846 | D        | Bought a potion of curing for 30 gold pieces
  1892 | D        | Noticed a shining eye
  1892 | D        | Noticed a shining eye
  1892 | D        | Noticed a shining eye
  1897 | D        | Paralysed by a floating eye for 4 turns
  1903 | D        | Reached ****** piety under Trog
  1906 | D        | Killed a shining eye
  1906 | D        | Received a gift from Trog
  1909 | D        | Noticed a shining eye
  1911 | D        | Killed a shining eye
  1914 | D        | Killed a shining eye
  1917 | D        | Noticed a shining eye
  1917 | D        | Noticed a shining eye
  1918 | D        | Gained mutation: You are weak. (Str -2) [a shining eye]
  1926 | D        | Killed a shining eye
  1928 | D        | Killed a shining eye
  1928 | D        | Gained mutation: You occasionally shout uncontrollably at your foes. [a shining eye]
  1929 | D        | Gained mutation: You are clumsy. (Dex -2) [a shining eye]
  1935 | D        | Killed a shining eye
  1942 | D        | Noticed a shining eye
  1942 | D        | Noticed a shining eye
  1944 | D        | Paralysed by a floating eye for 4 turns
  1950 | D        | Received a gift from Trog
  1954 | D        | Gained mutation: Your body sometimes deteriorates upon taking damage. [a shining eye]
  1956 | D        | Gained mutation: Your magical capacity is low. (-10% MP) [a shining eye]
  1957 | D        | Gained mutation: You expend magic power (3 MP) to strengthen your wands. [a shining eye]
  1958 | D        | Killed a shining eye
  1963 | D        | Gained mutation: You are dopey. (Int -2) [a shining eye]
  1969 | D        | Killed a shining eye
  1973 | D        | Found Lemuiceg's Book Shop.
  1973 | D        | Found Fow Rong's Weapon Boutique.
  1974 | D        | Found Muuduf's Magic Scroll Shoppe.
  1974 | D        | Found Lokin's General Store.
  2078 | D        | Bought a scroll of blinking for 127 gold pieces
  2078 | D        | Bought a shield for 76 gold pieces
  2087 | D        | Bought a runed hat for 196 gold pieces
  2103 | D        | Bought an uncursed ring of positive energy for 220 gold pieces
  2144 | D        | Got a steaming giant club {god gift}
  2145 | D        | Identified the +9 giant club of Cruel Justice {crush, Int+3} (Trog gifted it to you in the Dungeon)
  2210 | D        | Received a gift from Trog
  2216 | D        | Got an encrusted giant club {god gift}
  2217 | D        | Identified the +8 giant club of Ylixkeca {crush, rC++ Str-2 SInv Stlth+} (Trog gifted it to you in the Dungeon)
  2225 | D        | Noticed a lindwurm
  2230 | D        | Killed a lindwurm
  2262 | D        | Received a gift from Trog
  2270 | D        | Reached XP level 12. HP: 77/157 MP: 13/13
  2270 | D        | Killed a 12-headed hydra
  2298 | D        | Noticed a daeva
  2388 | D        | Noticed a deep elf annihilator
  2415 | D        | Noticed a mummy priest
  2419 | D        | Killed a deep elf annihilator
  2419 | D        | Received a gift from Trog
  2574 | D        | Noticed a shadow dragon
  2574 | D        | Noticed a golden dragon
  3018 | D        | Noticed a fire giant
  3021 | D        | Noticed a fire giant
  3022 | D        | Noticed a fire giant
  3022 | D        | Noticed a fire giant
  3029 | D        | Killed a fire giant
  3029 | D        | Received a gift from Trog
  3029 | D        | Reached skill level 10 in Dodging
  3034 | D        | Killed a fire giant
  3036 | D        | Mangled by a fire giant

Skill      XL: |  1  2  3  4  5  6  7  8  9 10 11 12 |
---------------+-------------------------------------+-----
Fighting       | 8 12 13 14 15 20 | 20.1
Maces & Flails | 8 10 13 14 16 18 19 20 | 20.7
Stealth        | 1 2 3 |  3.1
Dodging        | 4 5 6 8 10 | 10.9
Evocations     | 1 3 |  3.8
Armour         | |  0.7

Action                   |  1- 3 |  4- 6 |  7- 9 | 10-12 || total
-------------------------+-------+-------+-------+-------++-------
Melee: Mace              |    26 |       |       |       ||    26
       Giant club        |       |     8 |    35 |   138 ||   181
       Great mace        |       |       |       |    40 ||    40
       Dire flail        |       |       |       |    13 ||    13
       Giant spiked club |       |       |       |     5 ||     5
 Fire: Longbow           |       |       |       |     4 ||     4
Invok: Berserk           |       |     2 |     4 |     8 ||    14
       Trog's Hand       |       |       |     1 |     1 ||     2
       Brothers in Arms  |       |       |       |     2 ||     2
       Burn Spellbooks   |       |       |       |     1 ||     1
  Use: Potion            |       |       |     1 |     3 ||     4
       Scroll            |       |       |       |     1 ||     1
 Stab: Sleeping          |       |       |     1 |       ||     1
  Eat: Ration            |       |       |     2 |     3 ||     5
       Chunk             |       |       |     2 |     3 ||     5
Armor: Animal skin       |     2 |       |     2 |       ||     4
       Troll leather arm |       |       |     3 |    44 ||    47
Dodge: Dodged            |    12 |     2 |    13 |    80 ||   107
